 Dungeon Crawl Stone Soup version 0.23-a0-558-g30802b1 (webtiles) character file.

45766 zishaf the Nimble (level 14, -3/144 HPs)
             Began as a Troll Hunter on Dec 11, 2018.
             Was the Champion of Yredelemnul.
             Killed from afar by a vampire mage (32 damage)
             ... with a bolt of negative energy
             ... on level 15 of the Dungeon.
             The game lasted 01:13:28 (20979 turns).

zishaf the Nimble (Troll Hunter)                   Turns: 20979, Time: 01:13:31

Health: -3/144     AC: 10    Str: 27    XL:     14   Next: 2%
Magic:  21/22      EV: 11    Int: 11    God:    Yredelemnul [******]
Gold:   1528       SH: 15    Dex: 10    Spells: 13/13 levels left

rFire    + + +     SeeInvis .   d - +9 flail "Wuemifri" {venom, *Drain rF++}
rCold    . . .     Gourm    +   T - +0 large shield
rNeg     . . .     Faith    .   N - +0 troll leather armour
rPois    .         Spirit   .   (helmet restricted)
rElec    .         Reflect  +   b - +2 cloak
rCorr    .         Harm     .   (gloves unavailable)
MR       +....                  (boots unavailable)
Stlth    +.........             Y - +3 amulet of reflection
HPRegen  1.14/turn              r - +4 ring of strength
MPRegen  0.18/turn              X - ring of protection from fire

@: about to teleport, drained
A: large, unfitting armour, claws 3, repulsion field 1, fast metabolism 3,
gourmand, high mp 1, regeneration 1, shaggy fur 1, tough skin 2
a: Recall Undead Slaves, Injury Mirror, Animate Dead, Drain Life, Enslave Soul,
Renounce Religion


You were on level 15 of the Dungeon.
You worshipped Yredelemnul.
Yredelemnul was exalted by your worship.
You were not hungry.

You visited 2 branches of the dungeon, and saw 21 of its levels.
You also visited: Ossuary.

You collected 1548 gold pieces.
You spent 20 gold pieces at shops.

Inventory:

Hand Weapons
 d - the +9 flail "Wuemifri" (weapon) {venom, *Drain rF++}
   (You found it on level 5 of the Dungeon)

   It poisons the flesh of those it strikes.
   It greatly protects you from fire.
   It causes draining when unequipped.
Missiles
 c - 17 large rocks
 o - 14 javelins
 y - 17 tomahawks (quivered)
 K - 2 throwing nets
 O - 4 poisoned tomahawks
 U - 8 tomahawks of returning
 Z - 19 javelins of penetration
Armour
 b - a +2 cloak (worn)
 N - a +0 troll leather armour (worn)
 T - a +0 large shield (worn)
Jewellery
 r - a +4 ring of strength (left claw)
 X - a ring of protection from fire (right claw)
 Y - a +3 amulet of reflection (around neck)
Wands
 p - a wand of paralysis (17)
 D - a wand of digging (13)
 G - a wand of iceblast (6)
Scrolls
 a - 6 scrolls of enchant weapon
 g - 3 scrolls of fear
 j - 5 scrolls of enchant armour
 k - 12 scrolls of remove curse
 l - a scroll of magic mapping
 n - 13 scrolls of teleportation
 s - 3 scrolls of immolation
 t - 6 scrolls of amnesia
 B - a scroll of silence {unknown}
 E - a scroll of torment {unknown}
 F - a scroll of noise {unknown}
 H - 3 scrolls of summoning
 I - 2 scrolls of brand weapon
 M - 3 scrolls of blinking
 R - a scroll of holy word {unknown}
 S - 3 scrolls of fog
Potions
 h - 5 potions of mutation
 i - 4 potions of cancellation
 m - 2 potions of resistance {unknown}
 q - 2 potions of invisibility
 u - 2 potions of lignification
 v - 3 potions of flight
 x - 5 potions of heal wounds
 z - a potion of haste
 A - a potion of magic
 C - a potion of might {unknown}
 L - 2 potions of curing
 P - 2 potions of brilliance
 Q - 2 potions of agility
 W - a potion of berserk rage
Miscellaneous
 V - a box of beasts
Comestibles
 f - 43 rations


   Skills:
 + Level 10.9(10.2) Fighting
 + Level 10.7(9.9) Maces & Flails
 - Level 6.0(5.3) Throwing
 + Level 11.1(10.4) Dodging
 - Level 0.3(0.0) Stealth
 - Level 10.0(9.2) Invocations


You had 13 spell levels left.
You didn't know any spells.
Your spell library contained the following spells:

 Spells                   Type           Power        Failure   Level  Hunger
 Animate Skeleton         Necr           N/A          100%        1    ##.....
 Beastly Appendage        Tmut           #.....       100%        1    ##.....
 Corona                   Hex            #......      100%        1    ##.....
 Pain                     Necr           #...         100%        1    ##.....
 Ensorcelled Hibernation  Hex/Ice        #.....       100%        2    ###....
 Sticks to Snakes         Tmut           #.......     100%        2    ###....
 Confuse                  Hex            #.......     100%        3    ####...
 Dazzling Spray           Conj/Hex       #.....       100%        3    ####...
 Regeneration             Chrm/Necr      #.........   100%        3    ####...
 Spider Form              Tmut/Pois      #.........   100%        3    ####...
 Tukima's Dance           Hex            #.......     100%        3    ####...
 Vampiric Draining        Necr           #.........   100%        3    ####...
 Animate Dead             Necr           N/A          100%        4    #####..
 Ice Form                 Ice/Tmut       #.......     100%        4    #####..
 Blade Hands              Tmut           #.........   100%        5    ######.


Dungeon Overview and Level Annotations

Branches:
Dungeon (14/15)            Temple (0/1) D:7            Lair (6/6) D:11
  Swamp (0/4) Lair:3       Spider (0/4) Lair:2        Slime (0/5) Lair:6
    Orc (0/2) D:12         Depths (0/5) D:15
 Vaults: D:13-14

Altars:
Ashenzari
Cheibriados
Elyvilon
Fedhas
Gozag
Kikubaaqudgha
Makhleb
Nemelex Xobeh
Okawaru
Qazlal
Uskayaw
Yredelemnul
Zin
The Shining One
Jiyva

Shops:
D:4 ?   D:6 (   D:11 =

Annotations:
D:13 3 runed doors, Ihehy's ghost, journeyman HOMo; Lovoh's ghost, journeyman SpFi; Qaessaf's ghost, journeyman BaMo


Innate Abilities, Weirdness & Mutations

You are too large for most types of armour.
You have claws for hands.
Your metabolism is lightning-fast.
You like to eat raw meat.
Your natural rate of healing is unusually fast.
You are covered in fur. (AC +1)
You have very tough skin. (AC +2)
You are surrounded by a mild repulsion field. (EV +2)
You have an increased reservoir of magic. (+10% MP)


Message History

Something hits you. Something bites you!
Something draws strength from your injuries!
You hit something but do no damage. The hungry ghost barely misses you.
Something hits you but does no damage. Something bites you.
Something draws strength from your injuries!
You closely miss something. You block the hungry ghost's attack.
Something hits you!
* * * LOW HITPOINT WARNING * * *
Something bites you!
* * * LOW HITPOINT WARNING * * *
Something draws strength from your injuries!
As you read the scroll of teleportation, it crumbles to dust.
You feel strangely unstable. The hungry ghost hits you.
* * * LOW HITPOINT WARNING * * *
You feel a lot more hungry.
You hear some strange, mumbled words.
A bolt of negative energy appears from out of thin air!
The bolt of negative energy hits you!
You feel drained.
You die...
Your body rises from the dead as a mindless zombie.

**#+)....# #.# ****** **#(.#####
#.# *,,,, '.)...#* #.# ******,***
#####.z#**** #.# *,,,**,*
**,,8..8.,,** #.# *,,,**,*
*,,8,.P..8,,** #.# *,,,**,*
,,8,8....P..,* #.# *,,,******
,,8,,.....?..#######.# *,,,,,,,,,
8,,,,.......8{z{@W...# *,,,,,,,,,
,,,,,,,8.8.PPZ######## *,,,,,,,,,
,8,,,,>,.....,**********,,,,,,,,,
,8,,,,,,....,,,,,,,,,,,,,,,,,,,,,
,,,,,,,,...,,***********,,,,,,,,,
,,,,,,8,8.,,,,,,,,,,,,,+,,,,,,,,,
,,,,,,,,.,,,,,**********,,,,,,,,,
*,,,8,8,,,,,*,* *,*,,,,,,,
**,,,8,8,,,**+*** *,*,******


You could see a hungry ghost, a flying skull and an ettin zombie.

Vanquished Creatures
  Frances (D:13)
  The ghost of Hupnav the Placeless Draconian, a journeyman DrWr of Wu Jian (Lair:3)
  A minotaur (Lair:3)
  A centaur warrior (D:15)
  3 hydras
  2 catoblepae (Lair:6)
  A death yak (Lair:5)
  A tengu warrior (D:14)
  An unseen horror (D:13)
  The ghost of DankestMemes the Charmwright, a novice FoSk of Kikubaaqudgha (D:6)
  A necromancer (D:15)
  3 cyclopes
  A manticore (Lair:6)
  3 slime creatures (D:14)
  2 black mambas
  A gargoyle (D:13)
  An elephant (Lair:2)
  A rime drake (Lair:4)
  An efreet (D:13)
  2 komodo dragons
  3 spiny frogs
  A polar bear (Lair:3)
  A queen bee (D:13)
  3 trolls
  A meliai (D:13)
  6 blink frogs
  A hornet (D:13)
  Grinder (D:5)
  Prince Ribbit (D:8)
  5 hippogriffs
  30 yaks
  A wyvern (D:14)
  2 basilisks (Lair:2)
  Menkaure (D:5)
  2 swamp worms (Lair:3)
  4 water moccasins
  7 porcupines
  An ice beast (D:7)
  7 orc warriors
  2 black bears
  3 eyes of draining
  3 necrophages
  3 ogres
  A phantom (D:6)
  14 wolves
  3 centaurs
  5 crocodiles
  13 bullfrogs
  5 scorpions
  A wyvern skeleton (D:6)
  16 killer bees
  7 wights
  3 howler monkeys
  5 centaur zombies
  A bullfrog zombie (D:12)
  3 jellies
  6 orc priests
  3 hounds
  9 orc wizards
  A bullfrog skeleton (D:10)
  2 centaur skeletons
  4 iguanas
  7 worker ants
  A hound zombie (D:5)
  3 hound skeletons
  A worker ant zombie (D:10)
  4 mummies (Ossuary)
  9 adders
  A gnoll (D:7)
  3 shadow imps
  An adder zombie (D:9)
  4 adder skeletons
  2 worms
  A dart slug (D:1)
  5 leopard geckos
  41 orcs
  4 ball pythons
  4 bats
  6 giant cockroaches
  7 goblins
  7 hobgoblins
  9 jackals
  3 quokkas
  5 frilled lizards
  4 gnoll skeletons (Ossuary)
  A gnoll zombie (Ossuary)
  3 goblin skeletons (Ossuary)
  A goblin zombie (Ossuary)
  4 hobgoblin skeletons (Ossuary)
  5 hobgoblin zombies (Ossuary)
  A jackal skeleton (D:5)
  5 kobolds
  A kobold skeleton (Ossuary)
  5 kobold zombies (Ossuary)
  2 orc skeletons (Ossuary)
  2 orc zombies (Ossuary)
  3 rats
  5 rat zombies (Ossuary)
390 creatures vanquished.

Vanquished Creatures (collateral kills)
  Harold (D:8)
  6 hydras
  A catoblepas (Lair:5)
  2 two-headed ogres
  Urug (D:11)
  5 death yaks
  An unseen horror (D:13)
  An oklob plant (Lair:5)
  A manticore (Lair:6)
  A black mamba (Lair:2)
  2 spiny frogs
  2 komodo dragons
  2 jumping spiders (Lair:2)
  2 meliai (D:13)
  A troll (D:9)
  2 blink frogs (Lair:6)
  A tyrant leech (Lair:2)
  2 hippogriffs
  2 slime creatures (D:12)
  A shadow (D:12)
  2 redbacks (Lair:2)
  A wyvern (Lair:1)
  2 spriggans (Lair:2)
  A basilisk (D:11)
  25 yaks
  Grum (D:8)
  A warg (D:12)
  5 water moccasins
  A porcupine (Lair:3)
  An eye of draining (D:13)
  2 ice beasts
  4 orc warriors
  A sky beast (D:7)
  A black bear (D:9)
  7 wolves
  4 centaurs
  3 bullfrogs
  2 wyvern zombies
  11 killer bees
  A bullfrog zombie (D:10)
  3 centaur zombies
  A crimson imp (D:14)
  A quasit (D:10)
  5 orc priests
  2 jellies (D:8)
  3 hounds
  A centaur skeleton (D:11)
  6 orc wizards
  3 iguanas
  2 worker ants
  A hound skeleton (D:11)
  2 gnolls (D:7)
  3 adders
  5 oozes (D:8)
  15 orcs
  A hobgoblin (D:12)
  10 fungi
  5 plants
182 creatures vanquished.

Vanquished Creatures (others)
  2 flayed ghosts
  A phantasmal warrior (Lair:6)
  A centaur zombie (D:15)
  A hydra zombie (Lair:3)
  A catoblepas skeleton (Lair:6)
  2 black mamba zombies
  21 flying skulls
  3 wraiths
  2 vampires
  A two-headed ogre zombie (D:13)
  A spiny frog zombie (Lair:5)
  A tengu skeleton (D:14)
  A blink frog zombie (Lair:6)
  3 blink frog skeletons
  A hippogriff zombie (Lair:3)
  2 water moccasin zombies
  A komodo dragon skeleton (Lair:2)
  A wyvern skeleton (D:14)
  A hippogriff skeleton (D:13)
  6 yak zombies
  3 yak skeletons
  2 wolf zombies
  2 wolf skeletons (Lair:2)
  2 basilisk zombies (Lair:2)
  5 bullfrog skeletons
  A porcupine zombie (Lair:2)
  A porcupine skeleton (Lair:3)
  7 killer bee zombies (D:13)
  A crocodile skeleton (Lair:3)
  A hound skeleton (D:8)
  A mummy (D:9)
  An iguana skeleton (Lair:3)
  A gnoll zombie (Ossuary)
  A gnoll skeleton (Ossuary)
  A goblin skeleton (Ossuary)
  A hobgoblin skeleton (Ossuary)
  A hobgoblin zombie (D:12)
  2 kobold skeletons (Ossuary)
  A kobold zombie (Ossuary)
  4 orc skeletons
  10 orc zombies
  4 rat skeletons (Ossuary)
  A rat zombie (Ossuary)
  A bush (Lair:6)
  2 fungi
  7 plants
  4 withered plants
121 creatures vanquished.

Grand Total: 693 creatures vanquished

Notes
Turn   | Place    | Note
-------+----------+-------------------------------------------
     0 | D:1      | zishaf the Troll Hunter began the quest for the Orb.
     0 | D:1      | Reached XP level 1. HP: 19/19 MP: 0/0
   251 | D:1      | Reached XP level 2. HP: 19/28 MP: 1/1
  1078 | D:2      | Reached skill level 2 in Dodging
  1114 | D:2      | Reached XP level 3. HP: 13/35 MP: 2/2
  1227 | D:2      | Found an iron altar of Okawaru.
  1418 | D:1      | Reached XP level 4. HP: 15/44 MP: 3/3
  1622 | D:2      | Found a faded altar of an unknown god.
  2214 | D:3      | Found a sparkling altar of Nemelex Xobeh.
  2214 | D:3      | Found a basalt altar of Yredelemnul.
  2215 | D:3      | Found an opulent altar of Gozag.
  2221 | D:3      | Became a worshipper of Yredelemnul the Dark
  2242 | D:3      | Reached skill level 3 in Dodging
  2242 | D:3      | Reached XP level 5. HP: 33/53 MP: 4/4
  2881 | D:4      | Reached XP level 6. HP: 55/62 MP: 5/5
  3028 | D:4      | Found a hide-covered altar of Uskayaw.
  3202 | D:4      | Found a blossoming altar of Fedhas.
  3217 | D:4      | Found Cugirrea's Magic Scroll Shop.
  3224 | D:4      | Bought a scroll of identify for 20 gold pieces
  3416 | D:4      | Reached * piety under Yredelemnul
  3424 | D:4      | Reached skill level 4 in Dodging
  3984 | D:5      | Entered Level 5 of the Dungeon
  3984 | D:5      | Found a snail-covered altar of Cheibriados.
  4011 | D:5      | Noticed Menkaure
  4020 | D:5      | Killed Menkaure
  4020 | D:5      | Reached skill level 5 in Throwing
  4020 | D:5      | Reached XP level 7. HP: 32/70 MP: 6/6
  4088 | D:5      | Found a stormy altar of Qazlal.
  4294 | D:5      | Found a sand-covered staircase.
  4298 | Ossuary  | Entered an ossuary
  4323 | Ossuary  | Reached ** piety under Yredelemnul
  4785 | D:5      | Noticed Grinder
  5345 | D:5      | Killed Grinder
  5345 | D:5      | Reached skill level 1 in Invocations
  5345 | D:5      | Reached XP level 8. HP: 79/79 MP: 5/8
  5415 | D:5      | Reached skill level 5 in Dodging
  5498 | D:5      | Reached *** piety under Yredelemnul
  5733 | D:5      | Found a shattered altar of Ashenzari.
  5757 | D:5      | Got an ebony flail
  5826 | D:5      | Identified the +9 flail "Wuemifri" {venom, *Drain rF++}
                  | (You found it on level 5 of the Dungeon)
  6045 | D:6      | Reached skill level 1 in Maces & Flails
  6180 | D:6      | Found a transporter.
  6184 | D:6      | Found a transporter.
  6184 | D:6      | Noticed DankestMemes's ghost (novice FoSk)
  6288 | D:6      | Reached skill level 5 in Fighting
  6748 | D:6      | Received a gift from Yredelemnul (2 flying skulls)
  6753 | D:6      | Found Ymurek's Antique Weapon Emporium.
  6793 | D:6      | Reached XP level 9. HP: 83/88 MP: 10/10
  6841 | D:6      | Found a glowing golden altar of the Shining One.
  7188 | D:7      | Reached skill level 6 in Dodging
  7477 | D:7      | Found a staircase to the Ecumenical Temple.
  7829 | D:8      | Noticed Prince Ribbit
  7836 | D:8      | Killed Prince Ribbit
  7843 | D:8      | Reached **** piety under Yredelemnul
  7998 | D:8      | Noticed Grum
  8006 | D:8      | Killed Grum
  8007 | D:8      | Received a gift from Yredelemnul (a mummy)
  8211 | D:8      | Found a glowing silver altar of Zin.
  8212 | D:8      | Found a hide-covered altar of Uskayaw.
  8369 | D:8      | Reached skill level 5 in Invocations
  8459 | D:8      | Found a burning altar of Makhleb.
  8573 | D:8      | Found an ancient bone altar of Kikubaaqudgha.
  8590 | D:8      | Noticed Harold
  8598 | D:8      | Killed Harold
  8598 | D:8      | Reached XP level 10. HP: 61/100 MP: 11/13
  9163 | D:9      | Noticed a two-headed ogre
  9169 | D:9      | Killed a two-headed ogre
  9261 | D:9      | Found a white marble altar of Elyvilon.
  9265 | D:9      | Reached skill level 7 in Dodging
  9426 | D:9      | Reached skill level 5 in Maces & Flails
  9712 | D:9      | Found a burning altar of Makhleb.
  9719 | D:9      | Received a gift from Yredelemnul (2 flying skulls)
 10156 | D:10     | Entered Level 10 of the Dungeon
 10367 | D:10     | Received a gift from Yredelemnul (5 flying skulls)
 10787 | D:10     | Gained mutation: You have an increased reservoir of magic.
                  | (+10% MP) [potion of mutation]
 10787 | D:10     | Gained mutation: You are surrounded by a mild repulsion
                  | field. (EV +2) [potion of mutation]
 10871 | D:11     | Found Nusoham's Jewellery Shop.
 10921 | D:11     | Noticed Urug
 10931 | D:11     | Killed Urug
 11182 | D:11     | Reached XP level 11. HP: 107/107 MP: 16/16
 11193 | D:11     | Received a gift from Yredelemnul (a wraith)
 11332 | D:11     | Found a staircase to the Lair.
 11389 | D:11     | Reached ***** piety under Yredelemnul
 11661 | D:12     | Reached skill level 8 in Dodging
 11704 | D:12     | Found a staircase to the Orcish Mines.
 11848 | D:12     | Received a gift from Yredelemnul (5 flying skulls)
 12377 | Lair:1   | Entered Level 1 of the Lair of Beasts
 12609 | Lair:1   | Noticed a four-headed hydra
 12618 | Lair:1   | Killed a four-headed hydra
 13062 | Lair:2   | Noticed an eight-headed hydra
 13231 | Lair:2   | Got a heavily runed leather armour
 13409 | Lair:2   | Received a gift from Yredelemnul (3 flying skulls)
 13538 | Lair:2   | Killed an eight-headed hydra
 13739 | Lair:2   | Reached XP level 12. HP: 115/120 MP: 18/18
 13744 | Lair:2   | Reached skill level 9 in Dodging
 13921 | Lair:2   | Found a hole to the Spider Nest.
 14067 | Lair:3   | Received a gift from Yredelemnul (a wraith)
 14067 | Lair:3   | Found a runed gate.
 14067 | Lair:3   | Found a runed gate.
 14067 | Lair:3   | Noticed an eight-headed hydra
 14147 | Lair:3   | Noticed a five-headed hydra
 14152 | Lair:3   | Killed a five-headed hydra
 14155 | Lair:3   | Found a runed gate.
 14156 | Lair:3   | Identified the ring of Xefiaw {Fire Int+5 Dex+3}
 14156 | Lair:3   | Noticed a minotaur
 14201 | Lair:3   | Noticed Hupnav's ghost (journeyman DrWr)
 14238 | Lair:3   | Noticed a four-headed hydra
 14238 | Lair:3   | Noticed an eight-headed hydra
 14299 | Lair:2   | Killed an eight-headed hydra
 14396 | Lair:2   | Killed a four-headed hydra
 14631 | Lair:3   | Got a brightly glowing leather armour
 14823 | Lair:3   | Found a staircase to the Swamp.
 15673 | Lair:4   | Noticed a four-headed hydra
 15684 | Lair:4   | Killed a four-headed hydra
 15971 | Lair:4   | Received a gift from Yredelemnul (a phantasmal warrior)
 16170 | Lair:5   | Got a scorched leather armour
 16324 | Lair:5   | Received a gift from Yredelemnul (a vampire)
 16383 | Lair:5   | Got a shimmering trident
 16601 | Lair:5   | Upgraded the game from 0.23-a0-556-g351818a to
                  | 0.23-a0-558-g30802b1
 16605 | Lair:6   | Entered Level 6 of the Lair of Beasts
 16768 | Lair:6   | Noticed a catoblepas
 16776 | Lair:6   | Killed a catoblepas
 16792 | Lair:6   | Noticed a death yak
 16792 | Lair:6   | Noticed a death yak
 16793 | Lair:6   | Noticed a death yak
 16829 | Lair:6   | Killed a death yak
 16878 | Lair:5   | Killed a death yak
 16932 | Lair:6   | Reached skill level 10 in Dodging
 16945 | Lair:6   | Noticed a four-headed hydra
 16958 | Lair:6   | Killed a four-headed hydra
 16958 | Lair:6   | Reached XP level 13. HP: 118/130 MP: 21/21
 17015 | Lair:6   | Found a viscous altar of Jiyva.
 17015 | Lair:6   | Found a staircase to the Slime Pits.
 17660 | Lair:5   | Reached ****** piety under Yredelemnul
 17724 | Lair:5   | Reached skill level 10 in Fighting
 17839 | Lair:6   | Got a brightly glowing scale mail
 18174 | D:13     | Reached skill level 10 in Invocations
 18302 | D:13     | Received a gift from Yredelemnul (4 flying skulls)
 18342 | D:13     | Noticed Lovoh's ghost (journeyman SpFi)
 18342 | D:13     | Noticed Qaessaf's ghost (journeyman BaMo)
 18343 | D:13     | Found a runed gate.
 18344 | D:13     | Found a runed gate.
 18344 | D:13     | Found a runed gate.
 18347 | D:13     | Noticed Ihehy's ghost (journeyman HOMo)
 18443 | D:13     | Received a gift from Yredelemnul (a vampire)
 18633 | D:13     | Reached skill level 10 in Maces & Flails
 18640 | D:13     | Received a gift from Yredelemnul (a flayed ghost)
 18682 | D:13     | Received a gift from Yredelemnul (a wraith)
 19185 | D:13     | Received a gift from Yredelemnul (a flayed ghost)
 19567 | D:6      | Killed DankestMemes's ghost
 19849 | Lair:3   | Killed a minotaur
 19863 | Lair:3   | Killed Hupnav's ghost
 20322 | D:14     | Reached skill level 11 in Dodging
 20424 | D:14     | Identified the cursed +3 trident of Doom {pierce, Dex+3}
                  | (You found it on level 5 of the Lair of Beasts)
 20521 | D:14     | Noticed Frances
 20642 | D:13     | Killed Frances
 20860 | D:14     | You fall through a shaft!
 20860 | D:15     | Entered Level 15 of the Dungeon
 20888 | D:15     | Reached XP level 14. HP: 97/144 MP: 22/22
 20979 | D:15     | Killed from afar by a vampire mage

Vault maps used:
D:1:      matt_arrival_refuge
D:2:      kennysheep_okawaru_gauntlet, first_ration,
          chequers_ecumenical_altar_grove, hangedman_decor_clover_reticule,
          supply_closet_lemuel
D:3:      gammafunk_temple_overflow_claw, guppyfry_early_lair_pool
D:4:      old_standard_altar, serial_shops, shop_fountains, lemuel_statue_altar
D:5:      nicolae_qazlal_general_emergency, kennysheep_mini,
          lemuel_crystal_altar, enter_ossuary_5, cheibrodos_sewer_entry_bend,
          grunt_ministairs_9, uniq_grinder, uniq_menkaure
D:6:      tso_altar, serial_shops, shop, gammafunk_ghost_hive, nrook_campfire
D:7:      minmay_temple_entry_fiery
D:8:      lightli_temple_of_fire, kiku_gazebo_pond_becter,
          chequers_temple_overflow_statue_of_worship,
          hangedman_little_slice_of_home, minmay_bent, uniq_prince_ribbit1,
          uniq_harold, uniq_grum
D:9:      minmay_skewed_foursquare, basic_altar, makhleb_blood_cavern_becter
D:11:     lair_entry_dummy, minmay_shop_enchanted_jewellery,
          kennysheep_generic_room_11, uniq_urug
D:12:     erik_orc_4
D:13:     special_room, gammafunk_ghost_cemetery
D:14:     erik_vaults_2, serial_bayou_lagoon_a, minivault_5,
          serial_bayou_pond_e, minmay_guarded_unrand_vampires_tooth,
          uniq_frances
D:15:     gammafunk_depths_entry_grave, gauntlet_entry_generic,
          kennysheep_pointless_box, uniq_nessos
Lair:1:   ldierk_geyser, grunt_megastairs_5
Lair:2:   spider_nest_entry_funnel_web, st_stairs_4,
          hangedman_lair_generics_rect, grunt_megastairs_2
Lair:3:   palyth_hydra_swamp_entry, maelrawn_ghost_gauntlet_escape,
          forest_entry_grove, serial_bayou_shore_b, infiniplex_staircase_pool_2,
          serial_bayou_shore_b
Lair:5:   serial_bayou_shore_b
Lair:6:   evilmike_catoblepas_cave, dpeg_slime_entry_enclosed_altar
Ossuary:  ossuary_due_pyramid

Skill      XL: |  1  2  3  4  5  6  7  8  9 10 11 12 13 |
---------------+----------------------------------------+-----
Throwing       | 4 5 6 |  6.0
Fighting       | 2 3 4 5 6 7 8 9 10 | 10.9
Dodging        | 2 3 4 5 6 7 8 10 11 | 11.1
Invocations    | 1 3 5 6 8 9 10 | 10.0
Maces & Flails | 2 4 6 7 9 10 | 10.7
Stealth        | |  0.3

Action                   |  1- 3 |  4- 6 |  7- 9 | 10-12 | 13-15 || total
-------------------------+-------+-------+-------+-------+-------++-------
Melee: Hand axe          |   116 |       |       |       |       ||   116
       Unarmed           |    24 |   221 |   183 |       |       ||   428
       Short sword       |     2 |       |       |       |       ||     2
       Flail             |       |       |   122 |   484 |   356 ||   962
Throw: Large rock        |     5 |       |     1 |       |       ||     6
       Throwing net      |     2 |       |     1 |       |       ||     3
       Tomahawk          |       |    14 |    30 |    15 |    13 ||    72
       Javelin           |       |     7 |     8 |       |       ||    15
Invok: Animate Remains   |       |       |     5 |       |       ||     5
       Animate Dead      |       |       |    12 |    60 |    24 ||    96
       Recall Undead Sla |       |       |       |    11 |     8 ||    19
Evoke: Sack of spiders   |       |       |       |       |     2 ||     2
       Box of beasts     |       |       |       |       |     1 ||     1
  Use: Scroll            |     1 |     6 |     4 |    11 |    10 ||    32
       Potion            |       |       |       |     1 |     1 ||     2
 Stab: Distracted        |       |       |     1 |     7 |     1 ||     9
  Eat: Chunk             |    19 |    17 |    49 |   108 |    37 ||   230
       Ration            |       |       |     3 |       |     2 ||     5
Armor: Robe              |    65 |    80 |    62 |     4 |       ||   211
       Troll leather arm |       |       |       |   122 |    88 ||   210
Dodge: Dodged            |   115 |   134 |   196 |   477 |   154 ||  1076
Block: Large shield      |       |       |       |       |   259 ||   259
       Reflection        |       |       |       |       |     5 ||     5

Table legend:
 A = Non-vault XP
 B = Vault XP
 C = Vault XP percentage of total XP
 D = Non-vault monster count
 E = Vault monster count
 F = Vault count percentage of total count
                 A         B        C        D         E       F
            +---------+---------+-------+---------+---------+-------
      Total |   40094 |   25287 |  38.7 |     382 |     174 |  31.3
            +---------+---------+-------+---------+---------+-------
        D:1 |      81 |       0 |   0.0 |      19 |       0 |   0.0
        D:2 |      81 |       0 |   0.0 |      23 |       0 |   0.0
        D:3 |     156 |       0 |   0.0 |      20 |       0 |   0.0
        D:4 |     457 |       0 |   0.0 |      23 |       0 |   0.0
        D:5 |     492 |     454 |  48.0 |      18 |       5 |  21.7
        D:6 |    1009 |    1086 |  51.8 |      20 |       7 |  25.9
        D:7 |     795 |       0 |   0.0 |      16 |       0 |   0.0
        D:8 |     652 |    1486 |  69.5 |      17 |      18 |  51.4
        D:9 |    2116 |     556 |  20.8 |      20 |       6 |  23.1
       D:10 |    1542 |       0 |   0.0 |      18 |       0 |   0.0
       D:11 |    1643 |     537 |  24.6 |      33 |       2 |   5.7
       D:12 |    2579 |     320 |  11.0 |      18 |      15 |  45.5
       D:13 |    5991 |    3712 |  38.3 |      30 |      25 |  45.5
       D:14 |    3978 |       0 |   0.0 |      16 |       0 |   0.0
       D:15 |    1949 |     634 |  24.5 |       4 |       1 |  20.0
     Lair:1 |    2029 |     686 |  25.3 |      17 |       3 |  15.0
     Lair:2 |    2330 |    4500 |  65.9 |      15 |      21 |  58.3
     Lair:3 |    2985 |    3434 |  53.5 |      17 |      12 |  41.4
     Lair:4 |    2952 |       0 |   0.0 |      13 |       0 |   0.0
     Lair:5 |    3002 |    3681 |  55.1 |      16 |      11 |  40.7
     Lair:6 |    3275 |    4127 |  55.8 |       9 |      12 |  57.1
    Ossuary |       0 |      74 | 100.0 |       0 |      36 | 100.0
            +---------+---------+-------+---------+---------+-------
